 Dungeon Crawl Stone Soup version 0.31.0-9-g3a7656b989 (webtiles) character file.

Game seed: 2734903188903840198

179 qw the Skirmisher (level 5, 0/29 HPs)
             Began as a Deep Elf Hunter on Feb 2, 2024.
             Slain by an orc priest
             ... wielding a +0 club
              (2 damage)
             ... on level 3 of the Dungeon.
             The game lasted 00:00:09 (2004 turns).

qw the Skirmisher (Deep Elf Hunter)                 Turns: 2004, Time: 00:00:09

Health: 0/29       AC:  5    Str: 10    XL:     5   Next: 32%
Magic:  7/7        EV: 11    Int: 14    God:
Gold:   128        SH:  0    Dex: 18    Spells: 4/4 levels left

rFire   . . .        a - +0 shortbow
rCold   . . .        (shield currently unavailable)
rNeg    . . .        h - +0 ring mail
rPois   .            (no helmet)
rElec   .            (no cloak)
rCorr   .            (no gloves)
SInv    .            (no boots)
Will    .....        (no amulet)
Stlth   +            (no ring)
HPRegen 0.24/turn    (no ring)
MPRegen 0.10/turn

%: no passive effects
@: about to teleport
A: no striking features
a: no special abilities


You were on level 3 of the Dungeon.
You visited 1 branch of the dungeon, and saw 3 of its levels.

You collected 128 gold pieces.


   Skills:
 - Level 1.5 Fighting
 + Level 8.8 Ranged Weapons
 - Level 2.4 Dodging
 - Level 1.2 Stealth


You had 4 spell levels left.
You didn't know any spells.
Your spell library was empty.

Inventory:

Hand Weapons
 a - a +0 shortbow (weapon)
Armour
 e - a +0 pair of boots
 h - a +0 ring mail (worn)
 i - a +0 pair of gloves
 j - the +2 leather armour "Waofri" {rF+ rCorr}
   (You found it on level 3 of the Dungeon)

   rF+:       It protects you from fire.
   rCorr:     It protects you from acid and corrosion.
Jewellery
 k - a ring of resist corrosion
Wands
 d - a wand of polymorph (11)
Scrolls
 b - a scroll of amnesia {unknown}
Potions
 c - a potion of resistance {unknown}
 f - a potion of lignification {unknown}
 g - a potion of curing {unknown}

Dungeon Overview and Level Annotations

Branches:
Dungeon (3/15)

Altars:
Elyvilon
Gozag
Trog
Yredelemnul
The Shining One


Message History

The hobgoblin is almost dead.
You shoot an arrow. The arrow closely misses the hobgoblin.
You shoot an arrow. The arrow closely misses the hobgoblin.
The hobgoblin barely misses you.
The orc priest mumbles some strange prayers to Beogh against you.
Beogh smites you!
Ouch! That really hurt!
You shoot an arrow. The arrow closely misses the hobgoblin.
The hobgoblin barely misses you.
You shoot an arrow. The arrow hits the hobgoblin!
You kill the hobgoblin!
An orc comes into view. It is wielding a +0 whip.
You shoot an arrow. The arrow barely misses the orc.
The orc shouts!
The orc barely misses you. The orc closely misses you.
You shoot an arrow. The arrow hits the orc.
The orc is severely wounded.
The orc hits you with a +0 short sword.
You shoot an arrow. The arrow hits the orc!
You kill the orc!
The orc barely misses you.
The orc priest looks encouraged for a moment.
You shoot an arrow. The arrow hits the orc.
The orc is heavily wounded.
The orc barely misses you.
You shoot an arrow.
The arrow hits the orc but does no damage.
The orc is heavily wounded.
The orc hits you with a +0 club. The orc priest hits you with a +0 club.
The orc priest invokes the aid of Beogh against you.
Pain shoots through your body! The orc hits you but does no damage.
2003 ||| READING scroll of teleportation.
As you read the scroll of teleportation, it crumbles to dust.
You feel strangely unstable. The orc hits you but does no damage.
The orc priest miscasts a cantrip.
You shoot an arrow. The arrow hits the orc.
The orc is almost dead.
The orc closely misses you. The orc priest hits you with a +0 club.
You die...

#.......####...# .......
#.....>.# ##.#.# .......
#.......# #.###. .......
##.....## ##.#.#
....%..####...######...#
.......#................
.......#.##.#..#.#......
......o#.##.#...#...#.#.
#..oo@..).............
######.##.#...#.......
#.......#.#......
####.#...........
#.....####.### #####.#
#.## #.# #..# #.# ###.##
#.# #.....


You could see an orc priest and 2 orcs.

Vanquished Creatures
  2 orc priests (D:2)
  An orc wizard (D:2)
  An adder (D:2)
  4 dart slugs
  A ribbon worm (D:2)
  6 orcs
  6 ball pythons
  7 endoplasms
  3 giant cockroaches
  5 goblins
  7 hobgoblins
  4 jackals (D:2)
  2 quokkas (D:1)
  4 bats
  4 frilled lizards
  6 kobolds
  4 rats (D:1)
67 creatures vanquished.

Notes
Turn   | Place    | Note
-------+----------+-------------------------------------------
     0 | D:1      | qw the Deep Elf Hunter began the quest for the Orb.
     0 | D:1      | Reached XP level 1. HP: 12/12 MP: 3/3
     0 | D:1      | 0 ||| qw: Version: 0.3-a-155-g5e7d8dd
     0 | D:1      | 0 ||| qw: Game counter: 2215
     0 | D:1      | 0 ||| qw: Melee chars always use a shield: true
     0 | D:1      | 0 ||| qw: God list: Okawaru
     0 | D:1      | 0 ||| qw: Allow faded altars: false
     0 | D:1      | 0 ||| qw: Do Orc after clearing Dungeon:15 true
     0 | D:1      | 0 ||| qw: Do second Lair branch before Depths: true
     0 | D:1      | 0 ||| qw: Lair rune preference: random
     0 | D:1      | 0 ||| qw: Goals: Normal
     0 | D:1      | 0 ||| PLANNING D:1-11
   103 | D:1      | Reached skill level 6 in Ranged Weapons
   103 | D:1      | Reached XP level 2. HP: 16/16 MP: 4/4
   171 | D:1      | You fall into a shaft and drop 1 floor!
   208 | D:2      | 208 ||| UPGRADING to +0 ring mail.
   218 | D:2      | 218 ||| DROPPING +0 leather armour.
   219 | D:2      | 219 ||| READING scroll labelled SIVITAA YTWA.
   219 | D:2      | 219 ||| IDENTIFYING glowing grey potion
   220 | D:2      | 220 ||| DROPPING scroll of butterflies.
   221 | D:2      | 221 ||| DROPPING potion of ambrosia.
   338 | D:1      | Reached XP level 3. HP: 20/20 MP: 5/5
   556 | D:1      | 556 ||| READING scroll labelled MUR GACZYS.
   687 | D:2      | Reached skill level 7 in Ranged Weapons
   970 | D:2      | Reached XP level 4. HP: 25/25 MP: 6/6
  1117 | D:2      | Reached skill level 8 in Ranged Weapons
  1119 | D:2      | HP: 6/25 [orc priest/+0 hand axe (1)]
  1124 | D:2      | HP: 2/25 [orc priest/+0 hand axe (4)]
  1126 | D:2      | Reached XP level 5. HP: 3/29 MP: 7/7
  1510 | D:2      | 1510 ||| READING scroll labelled XECUGA MEDD.
  1512 | D:2      | 1512 ||| Stepping ~*~*~tactically~*~*~ (cloud).
  1516 | D:2      | HP: 7/29 [poisoned by you (poison gas)]
  1521 | D:2      | HP: 3/29 [poisoned by you (poison gas)]
  1756 | D:3      | Found an opulent altar of Gozag.
  1756 | D:3      | Found a basalt altar of Yredelemnul.
  1759 | D:3      | Found a white marble altar of Elyvilon.
  1759 | D:3      | Found a glowing golden altar of the Shining One.
  1811 | D:3      | Identified the +2 leather armour "Waofri" {rF+ rCorr}
  1906 | D:3      | Found a faded altar of an unknown god.
  1928 | D:3      | Found a bloodstained altar of Trog.
  2002 | D:3      | HP: 2/29 [orc priest/nerve-wracking pain (9)]
  2003 | D:3      | 2003 ||| READING scroll of teleportation.
  2004 | D:3      | Slain by an orc priest

Levels and vault maps discovered:
D:1:      hellmonk_arrival_library, layout_rooms
D:2:      layout_basic, nrook_mini_backslash
D:3:      layout_loops_cross, grunt_temple_overflow_open,
          mainiacjoe_overflow_alcove_4, hellmonk_ecumenical_altar_run_dry,
          ebering_ghost_disaster_area

Skill      XL: |  1  2  3  4 |
---------------+-------------+-----
Ranged Weapons | 6 7 8 |  8.8
Fighting       | |  1.5
Dodging        | |  2.4
Stealth        | |  1.2

Action                     |  1- 3 |  4- 6 || total
---------------------------+-------+-------++-------
   Fire: Shortbow          |   120 |    75 ||   195
    Use: Scroll            |     2 |     2 ||     4
 Armour: Leather armour    |     6 |       ||     6
         Ring mail         |    13 |    13 ||    26
  Dodge: Dodged            |    22 |     9 ||    31

Table legend:
 A = Non-vault XP
 B = Vault XP
 C = Vault XP percentage of total XP
 D = Non-vault monster count
 E = Vault monster count
 F = Vault count percentage of total count
                 A         B        C        D         E       F
            +---------+---------+-------+---------+---------+-------
      Total |     256 |       0 |   0.0 |      67 |       0 |   0.0
            +---------+---------+-------+---------+---------+-------
        D:1 |      53 |       0 |   0.0 |      28 |       0 |   0.0
        D:2 |     175 |       0 |   0.0 |      24 |       0 |   0.0
        D:3 |      28 |       0 |   0.0 |      15 |       0 |   0.0
            +---------+---------+-------+---------+---------+-------
